 Dungeon Crawl Stone Soup version 0.20.1-1-g8b1a95d (webtiles) character file.

89 veneficus the Poker (level 4, -12/33 HPs)
             Began as a Merfolk Skald on Nov 3, 2017.
             Mangled by a two-headed ogre
             ... wielding a +0 giant spiked club
              (37 damage)
             ... on level 3 of the Dungeon.
             The game lasted 00:04:09 (3393 turns).

veneficus the Poker (Merfolk Skald)                 Turns: 3393, Time: 00:04:09

Health: -12/33     AC:  3    Str: 11    XL:     4   Next: 55%
Magic:  8/8        EV: 12    Int: 12    God:
Gold:   165        SH:  0    Dex: 14    Spells: 3/8 levels left

rFire    + . .     SeeInvis .   a - +0 spear
rCold    x . .     Gourm    .   (no shield)
rNeg     . . .     Faith    .   b - +0 leather armour
rPois    .         Spirit   .   (no helmet)
rElec    .         Reflect  .   (no cloak)
rCorr    .         Harm     .   (no gloves)
MR       +....                  (no boots)
Stlth    +.........             t - amulet of inaccuracy (curse)
Regen    0.2/turn               h - ring of protection from magic
MPRegen  0.2/turn               m - ring of fire

@: no status effects
A: change form in water, swift swim, stealthy swim
a: no special abilities


You were on level 3 of the Dungeon.
You were not hungry.

You visited 1 branch of the dungeon, and saw 3 of its levels.

You collected 165 gold pieces.

Inventory:

Hand Weapons
 a - a +0 spear (weapon)
Armour
 b - a +0 leather armour (worn)
Jewellery
 h - a ring of protection from magic (left hand)
 m - a ring of fire (right hand)
 t - a cursed amulet of inaccuracy (around neck)
Wands
 s - a wand of lightning (8/15)
Scrolls
 e - 5 scrolls of identify {unknown}
 f - a scroll of magic mapping {unknown}
 i - 2 scrolls of fear {unknown}
 k - a scroll of immolation {unknown}
 n - a scroll of teleportation {unknown}
 o - a scroll of amnesia {unknown}
 p - a scroll of noise {unknown}
Potions
 g - 3 potions of curing {unknown}
 j - a potion of degeneration {unknown}
 l - 2 potions of resistance {unknown}
 r - a potion of mutation {unknown}
Books
 c - a book of Battle

   Spells                             Type                      Level
   a - Infusion                       Charms                       1
   b - Shroud of Golubria             Charms/Translocation         2
   c - Song of Slaying                Charms                       2
   d - Spectral Weapon                Hexes/Charms                 3
   e - Regeneration                   Charms/Necromancy            3
Comestibles
 d - 4 bread rations
 u - a meat ration


   Skills:
 - Level 2.1 Fighting
 * Level 5.3 Polearms
 - Level 0.6 Armour
 - Level 2.6 Dodging
 + Level 2.7 Spellcasting
 + Level 3.8 Charms


You had 3 spell levels left.
You knew the following spells:

 Your Spells              Type           Power        Failure   Level  Hunger
a - Infusion              Chrm           ##..         7%          1    #......
b - Shroud of Golubria    Chrm/Tloc      #.........   22%         2    ###....
c - Song of Slaying       Chrm           ##......     11%         2    ###....


Dungeon Overview and Level Annotations

Branches:
Dungeon (3/15)

Altars:
Qazlal


Message History

Spoiler Alert: The two-headed ogre can hit for high damage in melee!
Spoiler Alert: The two-headed ogre can hit for high damage in melee!
A kobold comes into view. It is wielding a short sword.
Spoiler Alert: The two-headed ogre can hit for high damage in melee!
Spoiler Alert: The two-headed ogre can hit for high damage in melee!
Spoiler Alert: The two-headed ogre can hit for high damage in melee!
Spoiler Alert: The two-headed ogre can hit for high damage in melee!
The kobold hits you with a short sword.
You take 4 damage, and have 29/33 hp.
Spoiler Alert: The two-headed ogre can hit for high damage in melee!
You closely miss the kobold. The kobold hits you but does no damage.
Spoiler Alert: The two-headed ogre can hit for high damage in melee!
You closely miss the kobold. The kobold hits you with a short sword.
You take 4 damage, and have 25/33 hp.
Spoiler Alert: The two-headed ogre can hit for high damage in melee!
You hit the kobold.
You kill the kobold!
The two-headed ogre hits you with a giant spiked club!!!
Ouch! That really hurt!
You die...

..(.........
##....#####
.)..).....#
..........#
..........#
.########## .# #
.#########...########
[..####.
.........+.....)@O..#
........
##########...######.#
#....... .# # #.##
#....... .# #..#
#...[... .# ##.#
#....... .# ###.##
#....... ## #....#
#....... #.##.##
#......# #### ...
#..###......#


You could see a two-headed ogre.

Vanquished Creatures
  2 adders (D:2)
  An ooze (D:2)
  3 worms
  2 dart slugs
  2 leopard geckos (D:2)
  An orc (D:3)
  A giant cockroach (D:2)
  5 goblins
  5 hobgoblins
  3 jackals (D:1)
  2 quokkas (D:2)
  A ball python (D:1)
  5 bats
  A frilled lizard (D:2)
  5 kobolds
  15 rats
54 creatures vanquished.

Notes
Turn   | Place    | Note
-------+----------+-------------------------------------------
     0 | D:1      | veneficus the Merfolk Skald began the quest for the Orb.
     0 | D:1      | Reached XP level 1. HP: 16/16 MP: 3/3
   285 | D:1      | Reached XP level 2. HP: 22/22 MP: 0/5
   608 | D:1      | Reached skill level 4 in Polearms
  1089 | D:2      | Reached XP level 3. HP: 18/27 MP: 1/6
  2014 | D:2      | Learned a level 2 spell: Shroud of Golubria
  2017 | D:2      | Learned a level 2 spell: Song of Slaying
  2069 | D:2      | Found a stormy altar of Qazlal.
  2093 | D:2      | Reached skill level 5 in Polearms
  2093 | D:2      | Reached XP level 4. HP: 12/33 MP: 4/7
  3364 | D:3      | Noticed a two-headed ogre
  3393 | D:3      | Mangled by a two-headed ogre

Skill      XL: |  1  2  3 |
---------------+----------+-----
Polearms       | 4 5 |  5.3
Fighting       | |  2.1
Armour         | |  0.6
Dodging        | |  2.6
Spellcasting   | |  2.7
Charms         | |  3.8

Action                   |  1- 3 |  4- 6 || total
-------------------------+-------+-------++-------
Melee: Spear             |   114 |    82 ||   196
 Cast: Infusion          |     6 |     3 ||     9
 Stab: Sleeping          |       |     2 ||     2
  Eat: Chunk             |     4 |     4 ||     8
Armor: Leather armour    |    12 |     7 ||    19
Dodge: Dodged            |    47 |    36 ||    83
